 Dungeon Crawl Stone Soup version 0.31.0-1-g2c135a0 (webtiles) character file.

Game seed: 6017295830900337725

3060 mezmerelda the Cleaver (level 9, -4/85 HPs)
             Began as a Hill Orc Fighter on Feb 7, 2024.
             Was a Believer of Makhleb.
             Slain by an orc warrior
             ... wielding a +0 glaive
              (6 damage)
             ... on level 8 of the Dungeon on Feb 8, 2024.
             The game lasted 00:20:31 (5545 turns).

mezmerelda the Cleaver (Hill Orc Fighter)           Turns: 5545, Time: 00:20:32

Health: -4/85      AC: 13    Str: 21    XL:     9   Next: 87%
Magic:  9/9        EV:  8    Int:  8    God:    Makhleb [**....]
Gold:   434        SH: 12    Dex: 12    Spells: 8/8 levels left

rFire   . . .        a - +0 war axe
rCold   . . .        n - +2 kite shield
rNeg    . . .        B - +0 scale mail
rPois   .            y - +0 helmet
rElec   .            (no cloak)
rCorr   .            (no gloves)
SInv    .            (no boots)
Will    .....        o - amulet of regeneration Stlth
                     f - +4 ring of protection
HPRegen 1.14/turn    (no ring)
MPRegen 0.11/turn

%: no passive effects
@: invisible
A: no striking features
a: Renounce Religion, Minor Destruction


You were on level 8 of the Dungeon.
You worshipped Makhleb.
Makhleb was pleased with you.
You visited 2 branches of the dungeon, and saw 9 of its levels.

You collected 434 gold pieces.

Inventory:

Hand Weapons
 a - a +0 war axe (weapon)
 b - a +4 sling of draining
Armour
 n - a +2 kite shield (worn)
 y - a +0 helmet (worn)
 B - a +0 scale mail (worn)
Jewellery
 f - a +4 ring of protection (left hand)
 g - an amulet of guardian spirit
 o - an amulet of regeneration (around neck)
Wands
 x - a wand of charming (12)
Scrolls
 c - 3 scrolls of teleportation {unknown}
 h - a scroll of silence {unknown}
 i - 5 scrolls of fog {unknown}
 j - a scroll of amnesia {unknown}
 k - 2 scrolls of poison {unknown}
 l - 2 scrolls of revelation {unknown}
 r - 2 scrolls of enchant armour {unknown}
 s - a scroll of immolation {unknown}
 v - a scroll of blinking {unknown}
 w - 2 scrolls of enchant weapon {unknown}
 A - a scroll of fear {unknown}
Potions
 d - a potion of invisibility
 e - 4 potions of lignification
 m - 2 potions of enlightenment
 p - a potion of resistance
 q - a potion of mutation
 t - 2 potions of curing
 u - a potion of attraction {unknown}
 z - a potion of brilliance {unknown}


   Skills:
 - Level 10.0 Fighting
 - Level 10.0 Axes
 + Level 0.1 Ranged Weapons
 + Level 7.2 Armour
 - Level 7.0 Shields
 + Level 1.0 Invocations


You had 8 spell levels left.
You didn't know any spells.
Your spell library contained the following spells:

 Spells                   Type           Power      Damage    Failure   Level
 Freeze                   Ice            0%         1d3       92%         1
 Summon Small Mammal      Summ           0%         N/A       92%         1
 Call Canine Familiar     Summ           0%         N/A       100%        3
 Frozen Ramparts          Ice            0%         1d1       100%        3
 Hailstorm                Conj/Ice       0%         3d5       100%        3
 Summon Blazeheart Golem  Fire/Summ      0%         N/A       100%        4


Dungeon Overview and Level Annotations

Branches:
Dungeon (8/15)             Temple (1/1) D:5
   Lair: D:8-11

Altars:
Ashenzari
Cheibriados
Dithmenos
Elyvilon
Fedhas
Gozag
Hepliaklqana
Kikubaaqudgha
Makhleb
Nemelex Xobeh
Okawaru
Qazlal
Ru
Sif Muna
Trog
Uskayaw
Vehumet
Wu Jian
Yredelemnul
Zin
The Shining One


Message History

You block the orc warrior's attack.
An orc priest comes into view. It is wielding a +0 club.
The orc priest hits you with a +0 trident.
You slice the orc priest!!
You kill the orc priest!
Makhleb accepts your kill.
You feel better.
You barely miss the orc warrior.
The orc warrior hits you with a +0 glaive!
Your Invocations skill increases to level 1!
The orc warrior hits you but does no damage.
You block the orc priest's attack.
You see here a +0 trident.
You hit the orc priest but do no damage.
The orc warrior hits you from afar with a +0 glaive.
You block the orc priest's attack.
The orc warrior hits you from afar with a +0 glaive!
You barely miss the orc priest.
The orc priest invokes the aid of Beogh against you.
Beogh smites you! The orc warrior barely misses you.
You closely miss the orc priest.
The orc priest mumbles some strange prayers to Beogh against you.
Pain shoots through your body!
The orc warrior hits you from afar with a +0 glaive!
* * * LOW HITPOINT WARNING * * *
The orc priest mumbles some strange prayers to Beogh against you.
Pain shoots through your body!
* * * LOW HITPOINT WARNING * * *
You barely miss the orc priest. The orc warrior barely misses you.
You block the orc priest's attack.
You barely miss the orc priest.
The orc priest threatens, "By the altar or by the axe, you will meet Beogh!"
The orc warrior barely misses you. The orc priest barely misses you.
You slash the orc priest!
The orc priest is severely wounded.
The orc warrior hits you from afar with a +0 glaive!
* * * LOW HITPOINT WARNING * * *
The orc priest barely misses you.
You fade into invisibility!
The orc warrior hits you from afar with a +0 glaive.
You die...

...................#
...................#
.........).....#########
.......................#
...#...................#
...#...................#
...#.................###
...+ .............o..#
...# ...........@....#
..........o######
...........##
§.[.........#
≈§..$.#..........
§§≈..........####
§§§≈.....#'#.#
≈≈§≈.........#
≈≈≈§§.........


You could see an orc warrior (unable to see you) and an orc priest (unable to
see you).

Vanquished Creatures
  A troll (D:7)
  Grinder (D:6)
  Sigmund (D:5)
  A yak (D:4)
  Eustachio (D:5)
  An orc warrior (D:8)
  A sky beast (D:7)
  An ice beast (D:5)
  3 ogres
  2 centaurs (D:6)
  2 kobold brigands
  3 bullfrogs (D:6)
  5 scorpions
  5 killer bees
  A bombardier beetle (D:5)
  4 hounds
  3 jellies
  An orc priest (D:8)
  A sleepcap (D:4)
  3 iguanas
  2 orc wizards
  5 adders
  8 gnolls
  4 shadow imps
  A white imp (D:8)
  2 ufetubi (D:7)
  A dart slug (D:5)
  2 ribbon worms
  10 orcs
  7 endoplasms
  2 giant cockroaches
  10 goblins
  5 hobgoblins
  14 kobolds
  4 quokkas
  6 ball pythons
  2 bats
  3 frilled lizards
  7 rats
136 creatures vanquished.

Notes
Turn   | Place    | Note
-------+----------+-------------------------------------------
     0 | D:1      | mezmerelda the Hill Orc Fighter began the quest for the
                  | Orb.
     0 | D:1      | Reached XP level 1. HP: 19/19 MP: 1/1
   274 | D:1      | Reached XP level 2. HP: 17/27 MP: 2/2
   704 | D:2      | Reached XP level 3. HP: 30/34 MP: 3/3
   788 | D:2      | Found a faded altar of an unknown god.
   837 | D:3      | Reached skill level 5 in Fighting
   837 | D:3      | Reached XP level 4. HP: 38/42 MP: 2/4
   873 | D:3      | Noticed a scorpion
   882 | D:3      | Killed a scorpion
   883 | D:3      | Reached skill level 5 in Axes
   883 | D:3      | Reached XP level 5. HP: 47/48 MP: 5/5
  1510 | D:4      | Noticed an ogre
  1521 | D:4      | Killed an ogre
  1522 | D:4      | Reached XP level 6. HP: 51/56 MP: 6/6
  1749 | D:5      | Entered Level 5 of the Dungeon
  1796 | D:5      | Reached skill level 5 in Shields
  1877 | D:5      | Noticed Sigmund
  1891 | D:5      | Killed Sigmund
  1953 | D:5      | Reached XP level 7. HP: 42/61 MP: 7/7
  2081 | D:5      | Found a staircase to the Ecumenical Temple.
  2094 | Temple   | Entered the Ecumenical Temple
  2121 | Temple   | Became a worshipper of Makhleb the Destroyer
  2879 | D:4      | Found a stormy altar of Qazlal.
  3269 | D:5      | Reached XP level 8. HP: 60/69 MP: 8/8
  3281 | D:5      | Noticed Eustachio
  3333 | D:5      | Killed Eustachio
  3602 | D:5      | Noticed a yak
  3678 | D:4      | Killed a yak
  3725 | D:4      | Reached skill level 10 in Axes
  3912 | D:6      | Found a shimmering blue altar of Sif Muna.
  3912 | D:6      | Found a glowing silver altar of Zin.
  3913 | D:6      | Found an ancient bone altar of Kikubaaqudgha.
  4029 | D:6      | Reached * piety under Makhleb
  4053 | D:6      | Reached XP level 9. HP: 68/82 MP: 9/9
  4474 | D:6      | Noticed Grinder
  4482 | D:6      | Killed Grinder
  4699 | D:7      | Reached skill level 10 in Fighting
  4888 | D:7      | Noticed a troll
  4904 | D:7      | Killed a troll
  4905 | D:7      | Reached skill level 5 in Armour
  5127 | D:7      | Found a basalt altar of Yredelemnul.
  5141 | D:7      | Noticed a profane servitor
  5218 | D:7      | Found a glowing golden altar of the Shining One.
  5220 | D:7      | Noticed an angel
  5430 | D:8      | Reached ** piety under Makhleb
  5538 | D:8      | Reached skill level 1 in Invocations
  5544 | D:8      | HP: 1/85 [orc warrior/+0 glaive (8)]
  5545 | D:8      | Slain by an orc warrior

Illustrated notes

Levels and vault maps discovered:
D:1:      spicycebolla_arrival_clurvy, layout_rooms, kennysheep_minor_cross
D:2:      layout_rooms, shapermc_ecumenical_altar_mp_ritualfount,
          minmay_pentomino_v4
D:3:      layout_basic
D:4:      layout_loops_corners, nicolae_qazlal_general_emergency, serial_forest,
          infiniplex_forest_corner_2, infiniplex_forest_straight_2,
          infiniplex_forest_end_1, infiniplex_forest_clump_curved,
          minmay_ogre_servants
D:5:      kennysheep_big_flooded_room, layout_loops_ring,
          minmay_temple_entry_waves, hex_medium, grunt_ministairs_12,
          dreamdust_princess_corridor, item_on_display_b, uniq_sigmund,
          uniq_eustachio
D:6:      layout_loops_cross, grunt_temple_overflow_open,
          hangedman_abyss_or_decor_stagger, hangedman_decor_diamond_cutter,
          uniq_grinder
D:7:      layout_rooms, grunt_temple_overflow_holy_war,
          hangedman_decor_riveting, grunt_ministairs_9
D:8:      layout_basic, serial_shops, nicolae_lakefront_shop,
          minmay_lindwurm_lava
Temple:   bh_familiar_temple

Skill      XL: |  1  2  3  4  5  6  7  8  9 |
---------------+----------------------------+-----
Axes           | 3 4 5 7 10 | 10.0
Fighting       | 4 5 8 10 | 10.0
Shields        | 4 6 7 |  7.0
Armour         | 7 |  7.2
Invocations    | 1 |  1.0
Ranged Weapons | |  0.1

Action                     |  1- 3 |  4- 6 |  7- 9 || total
---------------------------+-------+-------+-------++-------
  Melee: War axe           |    93 |    69 |   416 ||   578
   Fire: Sling             |       |       |     3 ||     3
  Throw: Throwing net      |       |       |     1 ||     1
    Use: Potion            |       |     1 |     1 ||     2
         Scroll            |       |       |     7 ||     7
 Armour: Scale mail        |    74 |    38 |   250 ||   362
  Dodge: Dodged            |    43 |    11 |   128 ||   182
  Block: Buckler           |    25 |     1 |       ||    26
         Kite shield       |       |    29 |   272 ||   301
